 Dungeon Crawl Stone Soup version 0.19.1 (webtiles) character file.

123 empire the Distorting Demonspawn (level 4, 0/35 HPs)
             Began as a Demonspawn Abyssal Knight on Dec 13, 2016.
             Was a Believer of Lugonu.
             Succumbed to a scorpion's poison
             ... on level 4 of the Dungeon.
             The game lasted 00:05:12 (2214 turns).

empire the Distorting Demonspawn (DsAK)             Turns: 2214, Time: 00:05:13

Health: 0/35       AC:  8    Str: 12    XL:     4   Next: 79%
Magic:  6/7        EV: 10    Int: 13    God:    Lugonu [**....]
Gold:   122        SH:  0    Dex: 14    Spells: 0 memorised, 3 levels left

rFire  . . .     SeeInvis .     a - +1 falchion
rCold  . . .     Gourm    .     v - +0 ring mail
rNeg   . . .     Faith    .     (no shield)
rPois  .         Spirit   .     (no helmet)
rElec  .         Reflect  .     (no cloak)
rCorr  .         Harm     .     u - +0 pair of gloves
MR     .....                    (no boots)
Stlth  +.........               (no amulet)
                                (no ring)
                                (no ring)

@: lethally poisoned (0 -> -7)
A: molten scales 1
a: Depart the Abyss, Bend Space, Renounce Religion


You were on level 4 of the Dungeon.
You worshipped Lugonu.
Lugonu was pleased with you.
You were near starving.

You visited 1 branch of the dungeon, and saw 4 of its levels.
You visited the Abyss 1 time.

You collected 122 gold pieces.

Inventory:

Hand Weapons
 a - a +1 falchion (weapon)
 b - a +2 short sword of flaming
 j - a +2 mace of crushing
Missiles
 i - 3 poisoned needles
 s - 14 bolts
Armour
 p - a +0 plate armour
 u - a +0 pair of gloves (worn)
 v - a +0 ring mail (worn)
Jewellery
 h - an uncursed ring of flight {unknown}
 k - a +5 ring of dexterity {unknown}
 m - a +5 ring of intelligence {unknown}
Scrolls
 e - a scroll of magic mapping {unknown}
 l - 2 scrolls of remove curse {unknown}
 n - 4 scrolls of identify {unknown}
 q - 2 scrolls of amnesia {unknown}
 w - a scroll of blinking {unknown}
Potions
 o - a potion of magic
Comestibles
 c - 3 bread rations
 d - a meat ration
 f - 4 fruits
 t - a royal jelly


   Skills:
 - Level 3.0 Fighting
 + Level 2.9 Long Blades
 + Level 3.0 Armour
 - Level 0.8 Dodging
 + Level 4.2 Invocations


You had 3 spell levels left.
You didn't know any spells.

Dungeon Overview and Level Annotations

Branches:
Dungeon (4/15)
 Temple: D:4-7

Altars:
Uskayaw

Annotations:
D:2 Sigmund


Innate Abilities, Weirdness & Mutations

You are partially covered in molten scales. (AC +2)


Message History

Lugonu accepts your kill.
Your Armour skill increases to level 3!
Your Invocations skill increases to level 4!
* * * LOW HITPOINT WARNING * * *
You feel sick. The worm bites you.
* * * LOW HITPOINT WARNING * * *
There is an open door here.
You slash the worm!
The worm is heavily wounded.
* * * LOW HITPOINT WARNING * * *
You feel sick. The worm bites you but does no damage.
You hit the worm.
The worm is severely wounded.
* * * LOW HITPOINT WARNING * * *
You feel sick.
You hit the worm.
You kill the worm!
Lugonu accepts your kill.
You die...

## ### #< #.####. #......
#.##### #### #......
#.... ####### ########
#.....###(....####.......
.......†@..>.....#.######
.......##.....##.#.# #
....... #.....##.#.# #
....... #.....##.#.######
....... #.....##.#.#.....
....... ###.####.#.#.....
....... #.# #.#.#.....
....... #.# #.#.#.####
#.# #.#.#.....


There were no monsters in sight!

Vanquished Creatures
  A scorpion (D:4)
  An adder (D:2)
  3 oozes
  A worm (D:4)
  A dart slug (D:1)
  3 orcs (D:3)
  2 giant cockroaches
  6 goblins
  5 hobgoblins
  3 kobolds
  2 quokkas (D:3)
  5 bats
  6 frilled lizards
  5 rats
44 creatures vanquished.

Notes
Turn   | Place    | Note
-------+----------+-------------------------------------------
     0 | Abyss:1  | empire the Demonspawn Abyssal Knight began the quest for the Orb.
     0 | Abyss:1  | Reached XP level 1. HP: 18/18 MP: 2/2
    28 | D:1      | Escaped the Abyss
   292 | D:1      | Gained mutation: You are partially covered in molten scales. (AC +2) [demonic ancestry]
   292 | D:1      | Reached XP level 2. HP: 19/24 MP: 4/4
   405 | D:1      | Reached ** piety under Lugonu
   837 | D:2      | Noticed Sigmund
   870 | D:2      | Reached skill level 3 in Invocations
   870 | D:2      | Reached XP level 3. HP: 26/29 MP: 5/5
  1038 | D:2      | Found a faded altar of an unknown god.
  1186 | D:3      | Found a hide-covered altar of Uskayaw.
  1786 | D:3      | Reached XP level 4. HP: 19/35 MP: 6/6
  2210 | D:4      | Reached skill level 4 in Invocations
  2213 | D:4      | HP: 1/35 [poisoned by a scorpion]
  2214 | D:4      | Succumbed to a scorpion's poison

Skill      XL: |  1  2  3  4 |
---------------+-------------+-----
Armour         | 2 3 |  3.0
Long Blades    | 2 |  2.9
Invocations    | 3 4 |  4.2
Fighting       | |  3.0
Dodging        | |  0.8

Action                   |  1- 3 |  4- 6 || total
-------------------------+-------+-------++-------
Melee: Falchion          |   133 |    31 ||   164
Invok: Bend Space        |       |     1 ||     1
  Use: Potion            |     6 |     1 ||     7
 Stab: Invisible         |       |     1 ||     1
  Eat: Chunk             |     2 |       ||     2
       Fruit             |       |     1 ||     1
Armor: Leather armour    |    25 |       ||    25
       Ring mail         |    37 |     8 ||    45
Dodge: Dodged            |   121 |    12 ||   133
       Rpst.: Falchion   |    44 |     4 ||    48
